 Dungeon Crawl Stone Soup version 0.18.1-48-g4cf74bf (webtiles) character file.

83 Krovax444 the Caller (level 4, 0/25 HPs)
             Began as a Tengu Summoner on July 5, 2016.
             Slain by a gnoll
             ... wielding a +0 halberd
              (5 damage)
             ... on level 3 of the Dungeon.
             The game lasted 00:23:49 (3380 turns).

Krovax444 the Caller (Tengu Summoner)               Turns: 3380, Time: 00:23:54

Health: 0/25       AC:  2    Str:  9    XL:     4   Next: 44%
Magic:  0/9        EV: 13    Int: 15    God:
Gold:   71         SH:  0    Dex: 15    Spells: 3 memorised, 2 levels left

rFire  . . .     SeeInvis .     n - -2 trident (curse)
rCold  . . .     Gourm    .     a - +0 robe
rNeg   . . .     Faith    .     (no shield)
rPois  .         Spirit   .     (helmet restricted)
rElec  .         Dismiss  .     (no cloak)
rCorr  .         Reflect  .     (no gloves)
SustAt .         Harm     .     (boots unavailable)
MR     .....                    (no amulet)
Stlth  ++........               (no ring)
                                (no ring)

@: not resistant to hostile enchantments, unstealthy
A: beak, talons 3
a: no special abilities


You were on level 3 of the Dungeon.
You were not hungry.

You visited 1 branch of the dungeon, and saw 3 of its levels.

You collected 71 gold pieces.

Inventory:

Hand Weapons
 e - a +0 dagger
 n - a cursed -2 trident (weapon)
Armour
 a - a +0 robe (worn)
 g - a +1 robe of positive energy
Scrolls
 k - 2 scrolls of teleportation
Potions
 f - a potion of flight {unknown}
 j - a potion of mutation {unknown}
 l - a potion of might {unknown}
 m - a potion of curing {unknown}
 o - a potion of agility {unknown}
 p - a potion of degeneration {unknown}
Books
 b - a book of Callings

   Spells                             Type                      Level
   a - Summon Small Mammal            Summoning                    1
   b - Call Imp                       Summoning                    2
   c - Call Canine Familiar           Summoning                    3
   d - Summon Guardian Golem          Hexes/Summoning              3
   e - Summon Lightning Spire         Summoning/Air                4
   f - Summon Ice Beast               Ice/Summoning                4
Comestibles
 c - a bread ration


   Skills:
 * Level 1.3 Fighting
 * Level 0.2 Polearms
 - Level 2.7 Dodging
 + Level 2.5 Stealth
 + Level 2.7 Spellcasting
 - Level 5.4 Summonings


You had 2 spell levels left.
You knew the following spells:

 Your Spells              Type           Power        Failure   Level  Hunger
a - Summon Small Mammal   Summ           ###.         1%          1    #......
b - Call Imp              Summ           ###.....     3%          2    ##.....
c - Call Canine Familiar  Summ           ###.....     10%         3    ###....


Dungeon Overview and Level Annotations

Branches:
Dungeon (3/15)

Altars:


Innate Abilities, Weirdness & Mutations

You have a beak for a mouth.
You have claws for feet.


Message History

Your shadow imp hits the gnoll.
The gnoll hits you from afar with a halberd!
Your bat hits the gnoll but does no damage.
The gnoll completely misses your bat.
Attack whom?
Press: ? - help, Dir - move target cursor, f/p - gnoll
Aim: a gnoll, wielding a halberd (moderately wounded)
You could not reach far enough!
Your bat barely misses the gnoll.
Your shadow imp hits the gnoll but does no damage.
The gnoll completely misses you. x2
Your shadow imp closely misses the gnoll.
Your bat hits the gnoll but does no damage.
The gnoll barely misses you.
You hit the gnoll but do no damage. Your bat hits the gnoll.
The gnoll barely misses you.
Your crimson imp hits the gnoll.
Your shadow imp barely misses the gnoll.
The gnoll hits you with a flail!
* * * LOW HITPOINT WARNING * * *
The gnoll hits you from afar with a halberd.
You die...

..........########.....##
.........................
..........########.....##
..........# ## ########
........).# ... #
..........# .... #
#######.###..... #
.......>55g..... .
......5.@gg.....
........b.g#####
...........# ...........#
...........# ##.#########
#. #


You could see 4 gnolls, 2 friendly crimson imps, a friendly shadow imp and a
friendly bat.

Vanquished Creatures
  A worm (D:3)
  A dart slug (D:1)
  2 bats
  A giant cockroach (D:2)
  6 goblins
  3 hobgoblins
  2 jackals
  2 ball pythons (D:2)
  2 giant newts
  4 kobolds
  8 rats
32 creatures vanquished.

Vanquished Creatures (collateral kills)
  3 adders (D:2)
  2 oozes
  2 giant geckos
  2 giant cockroaches (D:1)
  A goblin (D:2)
  6 hobgoblins
  7 jackals
  3 kobolds
  A quokka (D:2)
  2 bats (D:2)
  A giant newt (D:1)
  2 rats (D:1)
32 creatures vanquished.

Grand Total: 64 creatures vanquished

Notes
Turn   | Place    | Note
--------------------------------------------------------------
     0 | D:1      | Krovax444 the Tengu Summoner began the quest for the Orb.
     0 | D:1      | Reached XP level 1. HP: 10/10 MP: 4/4
    43 | D:1      | Reached skill level 5 in Summonings
   543 | D:1      | Reached XP level 2. HP: 15/15 MP: 3/6
  1275 | D:1      | Reached XP level 3. HP: 20/20 MP: 5/7
  1792 | D:2      | Learned a level 2 spell: Call Imp
  1796 | D:2      | Learned a level 3 spell: Call Canine Familiar
  1812 | D:2      | Found a faded altar to an unknown god.
  2631 | D:2      | Reached skill level 1 in Fighting
  2631 | D:2      | Reached XP level 4. HP: 25/25 MP: 4/8
  3380 | D:3      | Slain by a gnoll

Skill      XL: |  1  2  3 |
---------------+----------+-----
Summonings     | 5 |  5.4
Fighting       | 1 |  1.3
Polearms       | |  0.2
Dodging        | |  2.7
Stealth        | |  2.5
Spellcasting   | |  2.7

Action                   |  1- 3 |  4- 6 || total
-------------------------+-------+-------++-------
Melee: Unarmed           |    22 |       ||    22
       Kick              |    19 |     7 ||    26
       Peck              |    12 |     5 ||    17
       Dagger            |    91 |     9 ||   100
       Trident           |       |    30 ||    30
 Cast: Summon Small Mamm |    28 |     1 ||    29
       Call Canine Famil |     5 |     6 ||    11
       Call Imp          |     4 |     3 ||     7
  Use: Scroll            |       |     3 ||     3
 Stab: Sleeping          |     5 |     1 ||     6
       Distracted        |     2 |     1 ||     3
  Eat: Chunk             |     7 |     3 ||    10
Armor: Robe              |    18 |     5 ||    23
Dodge: Dodged            |    84 |    26 ||   110
